 Dungeon Crawl Stone Soup version 0.18-a0-1570-gf60b0ab (webtiles) character file.

263 Omaping the Chopper (level 6, -5/52 HPs)
             Began as a Hill Orc Fighter on Mar 14, 2016.
             Killed by divine providence
             ... invoked by an orc priest
              (12 damage)
             ... on level 4 of the Dungeon.
             The game lasted 00:38:53 (3967 turns).

Omaping the Chopper (Hill Orc Fighter)              Turns: 3967, Time: 00:38:53

Health: -5/52      AC: 10    Str: 21    XL:     6   Next: 19%
Magic:  6/6        EV:  0    Int:  8    God:
Gold:   254        SH:  9    Dex: 10    Spells: 0 memorised, 5 levels left

rFire  . . .     SeeInvis +     a - +0 war axe
rCold  . . .     Gourm    .     E - +0 chain mail
rNeg   . . .     Faith    +     c - +0 shield
rPois  .         Spirit   .     J - +0 helmet
rElec  .         Dismiss  .     (no cloak)
rCorr  .         Reflect  .     (no gloves)
SustAt .         Harm     .     (no boots)
MR     .....                    S - amulet of faith
Stlth  ..........               H - ring of wizardry
                                s - ring of see invisible

@: not resistant to hostile enchantments, extremely unstealthy
A: no striking features
a: Convert to Beogh


You were on level 4 of the Dungeon.
You were not hungry.

You visited 1 branch of the dungeon, and saw 4 of its levels.

You collected 254 gold pieces.

Inventory:

Hand Weapons
 a - a +0 war axe (weapon)
 j - a +0 short sword
 p - a +0 dagger
 y - a +2 flail of crushing
 D - a +0 mace
 I - a +0 falchion of holy wrath
 K - a cursed +0 dagger
 L - a +0 flail
 M - a +0 trident
 P - a +0 club
 Q - a +0 hunting sling
Missiles
 h - 2 large rocks
 k - 174 stones (quivered)
 q - 30 bolts
 A - 6 arrows of flame
 C - 59 arrows
 O - a throwing net
 R - 6 sling bullets of flame
 V - 6 needles of confusion
Armour
 b - a +0 scale mail
 c - a +0 shield (worn)
 n - a +0 robe
 v - a +0 scale mail
 w - a +2 buckler
 x - a +1 leather armour of cold resistance
 E - a +0 chain mail (worn)
 J - a +0 helmet (worn)
Jewellery
 s - a ring of see invisible (left hand)
 H - a ring of wizardry (right hand)
 S - an amulet of faith (around neck)
Wands
 B - a wand of polymorph (24/24)
Scrolls
 g - a scroll of fog {unknown}
 i - 2 scrolls of remove curse
 l - a scroll of immolation
 m - a scroll of recharging
 r - a scroll of identify
 u - 2 scrolls of magic mapping
 F - a scroll of amnesia
 N - a scroll of noise {unknown}
 W - a scroll of enchant armour {unknown}
Potions
 d - a potion of might
 e - a potion of mutation {unknown}
 t - a potion of beneficial mutation {unknown}
 G - a potion of flight
 U - a potion of curing {unknown}
Comestibles
 f - 2 bread rations
 o - a beef jerky
 z - 2 fruits


   Skills:
 - Level 4.0 Fighting
 + Level 7.5 Axes
 - Level 3.5 Armour
 - Level 0.5 Dodging
 - Level 3.5 Shields


You had 5 spell levels left.
You didn't know any spells.

Dungeon Overview and Level Annotations

Branches:
Dungeon (4/15)             Temple (0/1) D:4

Altars:
Ashenzari
Dithmenos
Kikubaaqudgha
Ru
The Shining One

Annotations:
D:3 Azzok's ghost, amateur NaTm
D:4 Sigmund


Message History

Sigmund gestures at you while chanting.
You are confused.
You bump into the rock wall.
You bump into the rock wall.
You bump into the rock wall.
You're too confused to move!
You feel less confused.
The orc priest miscasts a cantrip.
The orc priest invokes the aid of Beogh against you.
Beogh smites you!
There is an open door here.
The orc priest looks braver for a moment.
There is an open door here.
The orc priest calls down the wrath of Beogh upon you.
Beogh smites you!
* * * LOW HITPOINT WARNING * * *
There is a stone staircase leading up here.
The orc priest calls down the wrath of Beogh upon you.
Beogh smites you!
You die...

####### #.....#
#.....#
#..@..#########
#.........o.o.#
#........####'######
#........# #.......#
#........# #.......#
#........# #.......#
#........# #.......#
#......### ##o######
###......# #.#


You could see an orc priest.

Vanquished Creatures
  A howler monkey (D:4)
  An orc priest (D:3)
  A hound (D:4)
  An orc wizard (D:3)
  A worker ant (D:4)
  3 adders
  An ooze (D:2)
  2 adder skeletons (D:4)
  2 worms (D:2)
  A dart slug (D:3)
  3 giant geckos
  7 orcs (D:3)
  3 giant cockroaches (D:3)
  6 goblins
  3 hobgoblins (D:1)
  7 jackals (D:3)
  A quokka (D:3)
  A ball python (D:4)
  6 bats
  6 giant newts
  6 kobolds
  4 rats (D:1)
67 creatures vanquished.

Notes
Turn   | Place    | Note
--------------------------------------------------------------
     0 | D:1      | Omaping the Hill Orc Fighter began the quest for the Orb.
     0 | D:1      | Reached XP level 1. HP: 19/19 MP: 1/1
   311 | D:1      | Reached XP level 2. HP: 27/27 MP: 2/2
   610 | D:1      | Reached XP level 3. HP: 33/33 MP: 3/3
   978 | D:2      | Reached skill level 3 in Axes
  1481 | D:2      | Reached skill level 4 in Axes
  1793 | D:3      | Reached XP level 4. HP: 37/40 MP: 4/4
  1841 | D:3      | Noticed Azzok's ghost (amateur NaTm)
  2195 | D:3      | Found a faded altar to an unknown god.
  2314 | D:3      | Found a shadowy altar of Dithmenos.
  2579 | D:3      | Reached skill level 5 in Axes
  2868 | D:3      | Reached XP level 5. HP: 40/46 MP: 5/5
  2885 | D:3      | Reached skill level 6 in Axes
  3125 | D:3      | Found a shattered altar of Ashenzari.
  3125 | D:3      | Found an ancient bone altar of Kikubaaqudgha.
  3170 | D:2      | Found a glowing golden altar of the Shining One.
  3373 | D:4      | Found a sacrificial altar of Ru.
  3615 | D:4      | Reached skill level 7 in Axes
  3615 | D:4      | Reached XP level 6. HP: 50/52 MP: 6/6
  3913 | D:4      | Noticed Sigmund
  3967 | D:4      | Killed from afar by an orc priest

Vault maps used:
D:1:      saegor_arrival_simple_b
D:2:      nicolae_overflow_hidden_temple
D:3:      nicolae_overflow_crystal_walls, gammafunk_temple_overflow_elements,
          first_bread, ecumenical_altar_1
D:4:      old_standard_altar, minmay_temple_entry_glassed_door, uniq_sigmund

Skill      XL: |  1  2  3  4  5 |
---------------+----------------+-----
Fighting       | 4 |  4.0
Axes           | 4 5 7 |  7.5
Armour         | |  3.5
Dodging        | |  0.5
Shields        | |  3.5

Action                   |  1- 3 |  4- 6 || total
-------------------------+-------+-------++-------
Melee: War axe           |   112 |   138 ||   250
  Use: Scroll            |     1 |     5 ||     6
  Eat: Meat ration       |     1 |       ||     1
       Chunk             |       |     5 ||     5
